 Dungeon Crawl Stone Soup version 0.29.0-4-gdea44cf6ec (webtiles) character file.

Game seed: 14848648749656312892

1141 qw the Cleaver (level 8, -6/48 HPs)
             Began as a Tengu Warper on Aug 28, 2022.
             Was a Believer of Okawaru.
             Mangled by Pikel
             ... wielding a +1 whip of electrocution
              (17 damage)
             ... on level 5 of the Dungeon.
             The game lasted 00:00:33 (5056 turns).

qw the Cleaver (Tengu Warper)                       Turns: 5056, Time: 00:00:33

Health: -6/48      AC:  8    Str: 13    XL:     8   Next: 37%
Magic:  12/12      EV:  7    Int: 14    God:    Okawaru [**....]
Gold:   385        SH:  4    Dex: 14    Spells: 11/11 levels left

rFire   . . .      SeeInvis .   b - +1 broad axe (elec)
rCold   . . .      Faith    .   o - +0 buckler
rNeg    . . .      Spirit   .   f - +0 chain mail
rPois   .          Reflect  .   (helmet restricted)
rElec   .          Harm     .   (no cloak)
rCorr   .          Rampage  .   (no gloves)
Will    .....                   (boots unavailable)
Stlth   ..........              k - amulet of regeneration
HPRegen 0.96/turn               (no ring)
MPRegen 0.13/turn               (no ring)

@: flying quickly and evasively, quick
A: beak, talons 3, nimble flight
a: Renounce Religion, Heroism


You were on level 5 of the Dungeon.
You worshipped Okawaru.
Okawaru was pleased with you.
You visited 2 branches of the dungeon, and saw 7 of its levels.

You collected 385 gold pieces.


Innate Abilities, Weirdness & Mutations

You have a beak for a mouth.
You have claws for feet.
Your magical nature lets you fly swiftly and evasively.


   Skills:
 - Level 4.1 Fighting
 + Level 8.2 Axes
 - Level 1.0 Throwing
 - Level 2.1 Armour
 - Level 2.1 Dodging
 - Level 2.2 Shields
 - Level 2.0 Spellcasting
 - Level 2.4 Translocations
 + Level 3.5 Invocations


You had 11 spell levels left.
You didn't know any spells.
Your spell library contained the following spells:

 Spells                   Type           Power      Damage    Failure   Level
 Blink                    Tloc           16%        N/A       99%         2
 Gell's Gravitas          Tloc           8%         N/A       100%        3
 Lesser Beckoning         Tloc           8%         N/A       100%        3
 Teleport Other           Tloc           8%         N/A       100%        3
 Manifold Assault         Tloc           8%         N/A       100%        5

Inventory:

Hand Weapons
 b - a +1 broad axe of electrocution (weapon)
 l - a +0 whip
Missiles
 n - 2 boomerangs (quivered)
Armour
 f - a +0 chain mail (worn)
 o - a +0 buckler (worn)
Jewellery
 k - an amulet of regeneration (around neck)
Scrolls
 a - a scroll of identify
 c - a scroll of teleportation
Potions
 e - a potion of magic
 g - a potion of degeneration {unknown}
 i - 4 potions of curing
 m - a potion of mutation {unknown}

Dungeon Overview and Level Annotations

Branches:
Dungeon (6/15)             Temple (1/1) D:4

Altars:
Dithmenos
Elyvilon
Fedhas
Gozag
Hepliaklqana
Makhleb
Nemelex Xobeh
Okawaru
Qazlal
Ru
Sif Muna
Trog
Uskayaw
Vehumet
Wu Jian
Xom
Zin
The Shining One

Annotations:
D:4 3 runed translucent doors, qw's ghost, amateur TeWr
D:5 Pikel


Message History

You kill the lemure!
That felt strangely unrewarding.
Magic restored.
Done exploring.
Done exploring.
(D) Dungeon (T) Temple
Where to? (* - list waypoints, Enter - D:6, ? - help)
What level of the Dungeon? (default 1, ? - help)
You fly downwards.
Level annotation: Pikel Pikel hits you with a +1 whip of electrocution.
There is a stone staircase leading up, spattered with blood here.
5051 ||| STAIRDANCE Pikel hits you with a +1 whip of electrocution.
You block the lemure's attack.
You fly upwards.
There is a stone staircase leading down here.
You hit Pikel. You claw Pikel, but do no damage.
Pikel is lightly wounded.
You hit the lemure. The lemure hits you.
Pikel hits you with a +1 whip of electrocution.
You slash the lemure!
The lemure is severely wounded.
You hit Pikel. Lightning courses through Pikel!
The lemure hits you but does no damage.
Pikel hits you with a +1 whip of electrocution.
You are electrocuted!!
You closely miss the lemure. Your kick misses the lemure.
The lemure is severely wounded.
You hit Pikel but do no damage. The lemure misses you.
You block Pikel's attack.
You barely miss the lemure. You peck the lemure.
The lemure is almost dead.
You completely miss Pikel.
You feel like a meek peon again. The lemure completely misses you.
Pikel hits you with a +1 whip of electrocution.
You are electrocuted!
You die...

......##..........###....#
......###.........# #....#
.....## #.........# #....#
.....# #.........# ######
.....# #.........# .....#
##.......## .....#
#.........# ######
#.........# ###
#.......@.# ..#
#......5.K# ..#
#.........# ..#
##.......## ### ##.....##
#######


You could see Pikel and a lemure.

Vanquished Creatures
  Grinder (D:5)
  Duvessa (D:5)
  An ogre (D:5)
  2 centaurs (D:5)
  A lemure (D:5)
  3 necrophages
  A scorpion (D:4)
  Dowan (D:5)
  2 jellies
  A hound (D:5)
  An iguana (D:5)
  3 gnolls (D:5)
  4 adders (D:2)
  3 worms
  5 dart slugs
  8 orcs
  6 bats
  8 endoplasms
  3 giant cockroaches
  11 goblins
  6 hobgoblins
  9 jackals
  3 quokkas
  7 ball pythons
  2 frilled lizards (D:1)
  10 kobolds
  3 rats
106 creatures vanquished.

Notes
Turn   | Place    | Note
-------+----------+-------------------------------------------
     0 | D:1      | qw the Tengu Warper began the quest for the Orb.
     0 | D:1      | Reached XP level 1. HP: 12/12 MP: 4/4
     0 | D:1      | 0 ||| qw: Version: 0.1-a-89-g26bdef1
     0 | D:1      | 0 ||| qw: Game counter: 561
     0 | D:1      | 0 ||| qw: Always use a shield: true
     0 | D:1      | 0 ||| qw: God list: Okawaru
     0 | D:1      | 0 ||| qw: Allow faded altars: false
     0 | D:1      | 0 ||| qw: Do Orc after D:15 true
     0 | D:1      | 0 ||| qw: Do second Lair branch before Depths: true
     0 | D:1      | 0 ||| qw: Lair rune preference: random
     0 | D:1      | 0 ||| qw: Plans: Normal
     0 | D:1      | 0 ||| PLANNING D:1-11
   163 | D:1      | Reached skill level 3 in Axes
   163 | D:1      | Reached XP level 2. HP: 17/17 MP: 6/6
   163 | D:1      | 163 ||| Stepping ~*~*~tactically~*~*~ (stealth).
   166 | D:1      | 166 ||| Stepping ~*~*~tactically~*~*~ (stealth).
   168 | D:1      | 168 ||| Stepping ~*~*~tactically~*~*~ (stealth).
   222 | D:1      | 222 ||| Stepping ~*~*~tactically~*~*~ (stealth).
   224 | D:1      | 224 ||| Stepping ~*~*~tactically~*~*~ (stealth).
   503 | D:1      | Reached XP level 3. HP: 21/21 MP: 7/7
   884 | D:1      | 884 ||| UPGRADING to +0 scale mail.
   894 | D:1      | 894 ||| DROPPING +0 leather armour.
   895 | D:1      | 895 ||| UPGRADING to amulet of regeneration.
   900 | D:1      | 900 ||| READING 2 scrolls labelled PEYBID TOIDOVVE.
   901 | D:1      | 901 ||| READING 2 scrolls labelled HOEXZU USIA.
   906 | D:1      | 906 ||| READING scroll labelled NUGHIXK GUAPTO.
   907 | D:1      | 907 ||| READING scroll labelled QOJOEGONIF.
   908 | D:1      | 908 ||| DROPPING scroll of fear.
   909 | D:1      | 909 ||| DROPPING scroll of blinking.
  1090 | D:2      | 1090 ||| Stepping ~*~*~tactically~*~*~ (stealth).
  1092 | D:2      | 1092 ||| Stepping ~*~*~tactically~*~*~ (stealth).
  1098 | D:2      | Reached skill level 4 in Axes
  1207 | D:2      | 1207 ||| Stepping ~*~*~tactically~*~*~ (hiding).
  1385 | D:2      | Reached XP level 4. HP: 25/26 MP: 8/8
  1428 | D:2      | Identified the +0 leather armour of Crawling {Int+4}
  1676 | D:2      | Reached skill level 5 in Axes
  2086 | D:2      | Found a faded altar of an unknown god.
  2140 | D:2      | 2140 ||| DROPPING +0 leather armour of Crawling {Int+4}.
  2141 | D:2      | 2141 ||| UPGRADING to +0 chain mail.
  2151 | D:2      | 2151 ||| DROPPING +0 scale mail.
  2152 | D:2      | 2152 ||| READING 3 scrolls labelled NAFFER POLETUMN.
  2153 | D:2      | 2153 ||| READING scroll labelled LEBA SOTAPSI.
  2154 | D:2      | 2154 ||| DRINKING 2 fuming amethyst potions.
  2203 | D:2      | 2203 ||| READING 2 scrolls of identify.
  2203 | D:2      | 2203 ||| IDENTIFYING black potion
  2204 | D:2      | 2204 ||| DROPPING potion of brilliance.
  2205 | D:2      | 2205 ||| DROPPING potion of lignification.
  2547 | D:3      | 2547 ||| Stepping ~*~*~tactically~*~*~ (hiding).
  2700 | D:3      | Found a burning altar of Makhleb.
  2731 | D:3      | Found a shimmering blue altar of Sif Muna.
  2938 | D:3      | Found a hide-covered altar of Uskayaw.
  2942 | D:3      | Noticed a +0 dagger
  2942 | D:3      | Noticed a +0 hand axe
  2954 | D:3      | 2954 ||| READING scroll labelled FAHUPL OMARIBI.
  2956 | D:3      | 2956 ||| DRINKING 2 purple potions.
  2957 | D:3      | 2957 ||| READING 2 scrolls of teleportation.
  3124 | D:4      | Gained mutation: Your magical nature lets you fly swiftly
                  | and evasively. [Tengu growth]
  3124 | D:4      | Reached XP level 5. HP: 30/30 MP: 9/9
  3150 | D:4      | 3150 ||| SWAPPING to +3 war axe.
  3157 | D:4      | 3157 ||| DROPPING +0 hand axe.
  3167 | D:4      | Found a staircase to the Ecumenical Temple.
  3168 | D:4      | 3168 ||| PLANNING TEMPLE
  3177 | D:4      | Reached skill level 6 in Axes
  3205 | Temple   | Entered the Ecumenical Temple
  3478 | Temple   | Became a worshipper of Warmaster Okawaru
  3554 | Temple   | 3554 ||| PLANNING D:1-11
  3598 | D:4      | Reached XP level 6. HP: 29/35 MP: 10/10
  3647 | D:4      | Noticed qw's ghost (amateur TeWr)
  3656 | D:4      | Found a runed translucent gate.
  3656 | D:4      | Noticed a black bear
  3657 | D:4      | Found a runed translucent gate.
  3658 | D:4      | Found a runed translucent gate.
  3801 | D:4      | Found a radiant altar of Vehumet.
  3842 | D:4      | Found an ornate altar of the Wu Jian Council.
  3878 | D:4      | Found a white marble altar of Elyvilon.
  4033 | D:4      | 4033 ||| DROPPING scarf of invisibility.
  4034 | D:4      | 4034 ||| UPGRADING to +0 buckler.
  4039 | D:4      | 4039 ||| DRINKING 2 orange potions.
  4040 | D:4      | 4040 ||| READING 2 scrolls of identify.
  4040 | D:4      | 4040 ||| IDENTIFYING red potion
  4041 | D:4      | 4041 ||| DROPPING potion of ambrosia.
  4042 | D:4      | 4042 ||| DROPPING potion of attraction.
  4062 | D:5      | Entered Level 5 of the Dungeon
  4063 | D:5      | 4063 ||| PLANNING SEWER
  4082 | D:5      | Reached skill level 1 in Shields
  4084 | D:5      | Reached skill level 7 in Axes
  4095 | D:5      | 4095 ||| FLEEEEING.
  4096 | D:5      | 4096 ||| FLEEEEING.
  4097 | D:5      | 4097 ||| FLEEEEING.
  4100 | D:5      | 4100 ||| STAIRDANCE
  4192 | D:5      | Noticed Grinder
  4193 | D:5      | 4193 ||| Stepping ~*~*~tactically~*~*~ (hiding).
  4201 | D:5      | Killed Grinder
  4201 | D:5      | Reached * piety under Okawaru
  4202 | D:5      | Reached XP level 7. HP: 37/43 MP: 11/11
  4236 | D:5      | 4236 ||| INVOKING Heroism.
  4243 | D:5      | Reached skill level 1 in Invocations
  4287 | D:5      | HP: 10/43 [centaur/arrow (2)]
  4288 | D:5      | 4288 ||| READING scroll of teleportation.
  4289 | D:5      | 4289 ||| INVOKING Heroism.
  4289 | D:5      | HP: 3/43 [centaur/arrow (2)]
  4453 | D:5      | 4453 ||| INVOKING Heroism.
  4569 | D:5      | 4569 ||| INVOKING Heroism.
  4579 | D:5      | HP: 10/43 [centaur (1)]
  4580 | D:5      | 4580 ||| READING scroll of teleportation.
  4581 | D:5      | Reached ** piety under Okawaru
  4582 | D:5      | Reached XP level 8. HP: 11/48 MP: 10/12
  4582 | D:5      | HP: 4/48 [gnoll/+0 spear (4)]
  4631 | D:5      | 4631 ||| Stepping ~*~*~tactically~*~*~ (stealth).
  4632 | D:5      | 4632 ||| Stepping ~*~*~tactically~*~*~ (stealth).
  4634 | D:5      | 4634 ||| Stepping ~*~*~tactically~*~*~ (hiding).
  4635 | D:5      | 4635 ||| Stepping ~*~*~tactically~*~*~ (hiding).
  4636 | D:5      | 4636 ||| Stepping ~*~*~tactically~*~*~ (hiding).
  4763 | D:5      | 4763 ||| Stepping ~*~*~tactically~*~*~ (stealth).
  4825 | D:5      | Found a glowing drain.
  4826 | D:5      | 4826 ||| READING scroll labelled UHUD KOUNYMP.
  4827 | D:5      | 4827 ||| READING scroll labelled OXZAHE RENAVI.
  4827 | D:5      | Identified a scroll of acquirement
  4827 | D:5      | 4827 ||| ACQUIRING +1 broad axe of electrocution
  4827 | D:5      | Acquired a +1 broad axe of electrocution
  4829 | D:5      | 4829 ||| SWAPPING to +1 broad axe of electrocution.
  4830 | D:5      | 4830 ||| DROPPING +3 war axe.
  4831 | D:5      | 4831 ||| Stepping randomly (stuck).
  4832 | D:5      | 4832 ||| RIP SEWER
  4832 | D:5      | 4832 ||| PLANNING D:1-11
  4832 | D:5      | 4832 ||| Stepping ~*~*~tactically~*~*~ (cloud).
  4914 | D:5      | Noticed Duvessa
  4915 | D:5      | Noticed Dowan
  4915 | D:5      | 4915 ||| Stepping ~*~*~tactically~*~*~ (stealth).
  4917 | D:5      | 4917 ||| INVOKING Heroism.
  4923 | D:5      | Killed Duvessa
  4924 | D:5      | Reached skill level 3 in Invocations
  4931 | D:5      | Killed Dowan
  4932 | D:5      | Reached skill level 8 in Axes
  4988 | D:5      | 4988 ||| READING 2 scrolls of identify.
  4988 | D:5      | 4988 ||| IDENTIFYING metallic orange potion
  5033 | D:6      | Noticed Pikel
  5034 | D:6      | 5034 ||| INVOKING Heroism.
  5036 | D:6      | 5036 ||| STAIRDANCE
  5051 | D:6      | 5051 ||| STAIRDANCE
  5056 | D:5      | HP: 11/48 [Pikel/+1 whip of electrocution (6)]
  5056 | D:5      | Mangled by Pikel

Levels and vault maps discovered:
D:1:      dpeg_arrival_solitude, layout_basic
D:2:      mumra_celtic_spiral_tile, layout_basic,
          shapermc_ecumenical_altar_acropolis, wad_floor_pattern_1,
          minmay_split_cup_large
D:3:      layout_loops_ring, dancing_weapons_uskayaw,
          mainiacjoe_overflow_two_lobes, kennysheep_generic_room_10
D:4:      layout_rooms, mainiacjoe_overflow_brackets,
          mainiacjoe_overflow_catwalk, lemuel_tele_altar,
          minmay_temple_entry_sparse_star, gammafunk_ghost_split
D:5:      layout_rooms, gup_sewer_entry_bowl, uniq_duvessa, uniq_grinder
D:6:      layout_layer_cave, mainiacjoe_overflow_six_doors_small,
          mainiacjoe_overflow_chevrons, hangedman_feature_mirror, uniq_maggie,
          uniq_pikel
Temple:   minmay_temple_forest_path

Skill      XL: |  1  2  3  4  5  6  7  8 |
---------------+-------------------------+-----
Axes           | 3 4 5 6 7 8 |  8.2
Armour         | 2 |  2.1
Shields        | 1 2 |  2.2
Fighting       | 4 |  4.1
Invocations    | 2 3 |  3.5
Throwing       | |  1.0
Dodging        | |  2.1
Spellcasting   | |  2.0
Translocations | |  2.4

Action                   |  1- 3 |  4- 6 |  7- 9 || total
-------------------------+-------+-------+-------++-------
Melee: Hand axe          |    81 |    64 |       ||   145
       Peck              |     9 |    15 |    12 ||    36
       Kick              |    17 |    36 |    17 ||    70
       Punch             |       |     1 |       ||     1
       War axe           |       |    61 |    42 ||   103
       Broad axe         |       |       |    21 ||    21
Throw: Boomerang         |     7 |    12 |    16 ||    35
Invok: Heroism           |       |       |     6 ||     6
  Use: Scroll            |     4 |     6 |     5 ||    15
       Potion            |       |     3 |       ||     3
Armor: Leather armour    |     9 |       |       ||     9
       Scale mail        |    22 |    17 |       ||    39
       Chain mail        |       |    47 |    29 ||    76
Dodge: Dodged            |    52 |    50 |    28 ||   130
Block: Buckler           |       |     2 |    27 ||    29

Table legend:
 A = Non-vault XP
 B = Vault XP
 C = Vault XP percentage of total XP
 D = Non-vault monster count
 E = Vault monster count
 F = Vault count percentage of total count
                 A         B        C        D         E       F
            +---------+---------+-------+---------+---------+-------
      Total |    1100 |     530 |  32.5 |      92 |      13 |  12.4
            +---------+---------+-------+---------+---------+-------
        D:1 |      42 |       0 |   0.0 |      23 |       0 |   0.0
        D:2 |      73 |      20 |  21.5 |      19 |       4 |  17.4
        D:3 |      24 |       5 |  17.2 |      13 |       2 |  13.3
        D:4 |     271 |       0 |   0.0 |      24 |       0 |   0.0
        D:5 |     690 |     505 |  42.3 |      13 |       7 |  35.0
            +---------+---------+-------+---------+---------+-------
